Map: Ascension to Aiur LE

Players

Scarlett

  • Race: Zerg Zerg
  • Spawn Location: 5:00

Snute - Winner!

  • Race: Zerg Zerg
  • Spawn Location: 11:00

Event: WCS Valencia 2017

VOD

Have the link to the VOD?

Description

Time

  • Played on: July 14, 2017, 11:46 a.m.
  • Length: 7:33

All games in this series

Show
View Real Time Build Order
Export as new Build Order

Scarlett Zerg 

Build Orders: Hatch First 

Get SALT Encoding   

  12  0:00  Drone  
  13  0:12  Overlord  
  13  0:17  Drone  
  14  0:30  Drone  
  14  0:31  Drone  
  16  0:39  Drone  
  17  0:51  Hatchery  
  17  0:54  Drone  
  17  0:58  Drone  
  17  1:00  Extractor  
  17  1:13  Spawning Pool  
  17  1:17  Drone  
  17  1:20  Drone  
  18  1:28  Drone  
  19  1:39  Overlord  
  19  1:50  Drone  
  20  1:59  Queen  
  20  2:01  Metabolic Boost  
  22  2:03  Queen  
  22  2:05  Drone  
  22  2:07  Drone  
  26  2:11  Zergling x2  
  26  2:14  Zergling x2  
  28  2:22  Zergling x2  
  29  2:29  Drone  
  30  2:36  Drone x2  
  32  2:37  Queen  
  32  2:41  Queen  
  36  2:45  Overlord  
  36  3:06  Hatchery  
  36  3:08  Zergling x8  
  39  3:14  Zergling x6  
  39  3:18  Overlord  
  42  3:21  Zergling x2  
  42  3:26  Overlord  
  43  3:27  Zergling x2  
  44  3:43  Zergling x2  
  44  3:44  Zergling x6  
  45  3:53  Drone x5  
  45  3:54  Baneling Nest  
  47  3:58  Drone x2  
  48  4:05  Drone x2  
  48  4:20  Roach Warren  
  48  4:24  Queen, Drone x4  
  52  4:31  Zergling x8  
  54  4:35  Zergling x2  
  54  4:36  Zergling x2  
  56  4:41  Extractor  
  55  4:59  Drone x4  
  59  5:01  Roach x3  
  59  5:02  Evolution Chamber, Overlord  
  59  5:06  Overlord  
  64  5:07  Roach  
  61  5:32  Drone  
  61  5:33  Drone x9  
  61  5:35  Lair  
  65  5:44  Drone  
  65  5:45  Drone x4  
  65  5:47  Extractor  
  69  5:53  Drone x4  
  69  5:56  Extractor  
  72  6:02  Drone x3  
  72  6:04  Overlord  
  75  6:11  Drone  
  75  6:12  Drone x6  
  75  6:15  Overlord  
  82  6:20  Overlord x2  
  84  6:25  Roach  
  84  6:26  Roach  
  84  6:27  Roach  
  87  6:33  Roach x3  
  87  6:39  Roach x4  
  99  6:41  Roach  
  99  6:43  Ravager x2  
  101  6:54  Roach x7  
  108  6:57  Roach  
  108  6:58  Roach  
  95  7:06  Roach x3  
  95  7:07  Roach  
Show
View Real Time Build Order
Export as new Build Order

Snute Zerg - Winner!

Build Orders: Hatch First 

Get SALT Encoding   

  12  0:00  Drone  
  13  0:12  Overlord  
  13  0:16  Drone  
  14  0:30  Drone x2  
  14  0:34  Drone  
  17  0:51  Hatchery  
  17  0:54  Drone  
  17  0:57  Drone  
  17  1:00  Extractor  
  17  1:13  Spawning Pool  
  17  1:16  Drone  
  17  1:19  Drone  
  18  1:28  Drone  
  19  1:38  Overlord  
  19  1:49  Drone  
  20  1:59  Queen  
  20  2:00  Metabolic Boost  
  22  2:03  Queen  
  22  2:04  Drone  
  22  2:07  Zergling x2  
  26  2:10  Zergling x2  
  26  2:14  Zergling x2  
  28  2:21  Drone  
  29  2:24  Drone  
  30  2:35  Queen  
  30  2:36  Zergling x2  
  33  2:39  Overlord  
  33  2:47  Zergling x4  
  35  2:53  Hatchery  
  35  2:55  Zergling x2  
  35  2:59  Drone  
  36  3:06  Drone  
  36  3:08  Zergling x2  
  36  3:09  Zergling x4  
  40  3:13  Zergling x4  
  40  3:19  Zergling x4  
  44  3:25  Baneling Nest  
  43  3:28  Overlord  
  43  3:34  Drone  
  44  3:45  Overlord  
  44  3:46  Overlord  
  41  3:48  Zergling x2  
  41  3:49  Zergling x4  
  41  3:53  Zergling x2  
  43  3:57  Zergling x4  
  43  4:01  Drone x2  
  46  4:04  Zergling x2  
  46  4:09  Zergling x4  
  45  4:13  Baneling x2  
  45  4:14  Baneling  
  45  4:15  Drone  
  44  4:17  Drone  
  44  4:20  Drone  
  46  4:25  Baneling x2  
  46  4:26  Drone x2  
  46  4:30  Drone x2  
  49  4:33  Drone  
  49  4:35  Drone  
  51  4:38  Drone  
  51  4:43  Drone x3  
  55  4:48  Drone x2  
  55  4:49  Drone  
  55  4:51  Extractor  
  57  4:55  Roach Warren  
  57  4:57  Drone  
  57  4:58  Drone  
  58  5:00  Drone  
  58  5:02  Drone  
  60  5:07  Drone x3  
  60  5:08  Drone  
  60  5:09  Drone  
  64  5:14  Overlord  
  63  5:24  Overlord  
  63  5:28  Overlord x2  
  61  5:36  Roach x5  
  61  5:37  Roach x2  
  72  5:44  Roach x3  
  72  5:45  Roach  
  72  5:47  Roach  
  82  5:51  Roach x2  
  82  5:55  Zergling x6  
  82  5:56  Zergling x2  
  90  5:58  Ravager  
  90  6:00  Zergling x4  
  93  6:08  Zergling x2  
  93  6:09  Zergling x10  
  98  6:16  Roach x2  
  102  6:22  Ravager  
  102  6:23  Overlord x2  
  102  6:25  Zergling x6  
  106  6:37  Queen  
  105  6:40  Zergling x2  
  105  6:41  Baneling  
  105  6:42  Baneling x3  
  105  6:43  Zergling x14  
  106  6:56  Zergling x14  
  106  6:57  Zergling x10  
  115  7:06  Zergling x6  
Tags
 
Add a new tag
Caveats
  • Supply blocks, unpowered buildings, or Contaminate may cause inaccurate times.
  • Supply counts are checked every 10 seconds.